AoeStats
← dix.

Black Forest

509697549Analyzed
3v3 RM · 3d ago on Sep 27, 2026· 39m 2s· 6 players
Game mode
Random Map
Map size
Normal (6 player)
Population
200
Speed
Normal
Resources
Standard
Victory
Conquest
Starting age
Dark Age
Ending age
Imperial Age
RankedLock teamsTeams togetherTeam positionsShared explorationLock speedFull tech treeHidden civsTurbo modeCheats
Victory
Defeat
🇷🇺 Mongols · Russia
907
+11
🇰🇿 Bohemians · Kazakhstan
840
+14
🇷🇺 Japanese · Russia
746
+19
🇫🇷 Khmer · France
824
-16
🇪🇸 Spanish · Spain
799
-15
🇵🇱 Huns · Poland
764
-13
Osiedlowy wariacik
13:41 Feudal Age
25:21 Castle Age
Reimon's
0:42 Loom
14:07 Feudal Age
14:36 Man-at-Arms
22:46 Wheelbarrow
28:29 Castle Age
27:06 Stone Mining
27:07 Gold Mining
36:33 Pikeman
lefebvre.mx
1:55 Loom
13:54 Feudal Age
14:30 Double-Bit Axe
14:38 Gold Mining
14:32 Horse Collar
14:26 Man-at-Arms
18:41 Stone Mining
19:47 Forging
20:08 Arson
26:29 Castle Age
25:43 Scale Barding Armor
27:26 Bow Saw
27:20 Heavy Plow
28:00 Gold Shaft Mining
28:12 Husbandry
29:58 Scale Barding Armor
30:45 Caravan
32:57 Iron Casting
32:43 Chain Barding Armor
34:15 Tusk Swords
40:04 Imperial Age
Divine_Fury
9:37 Loom
13:23 Feudal Age
13:57 Horse Collar
16:06 Fletching
16:20 Padded Archer Armor
20:35 Castle Age
21:15 Wheelbarrow
24:50 Town Watch
25:55 Hand Cart
26:10 Fervor
29:44 Double-Bit Axe
30:02 Heavy Plow
30:33 Town Patrol
31:28 Ballistics
32:23 Chemistry
32:04 Leather Archer Armor
33:35 Bodkin Arrow
33:52 Forging
33:43 Scale Mail Armor
37:00 Imperial Age
37:09 Wagenburg Tactics
37:11 Houfnice
38:11 Squires
37:32 Pikeman
pohuito ergo sum
3:03 Loom
11:52 Feudal Age
15:56 Castle Age
14:15 Double-Bit Axe
14:23 Horse Collar
17:39 Bow Saw
18:19 Fletching
20:52 Wheelbarrow
20:47 Gold Mining
24:58 Husbandry
25:21 Ballistics
26:00 Fletching
26:40 Bloodlines
27:01 Bodkin Arrow
28:42 Hand Cart
28:16 Town Watch
29:05 Thumb Ring
30:17 Town Patrol
30:30 Padded Archer Armor
32:26 Leather Archer Armor
36:15 Imperial Age
38:02 Conscription
dix.
3:13 Loom
10:35 Feudal Age
10:42 Man-at-Arms
12:33 Forging
17:51 Scale Mail Armor
22:46 Castle Age
23:13 Wheelbarrow
22:24 Double-Bit Axe
23:07 Long Swordsman
23:33 Gambesons
24:42 Gold Mining
25:14 Chain Mail Armor
25:34 Iron Casting
27:20 Stone Mining
29:25 Double-Bit Axe
37:06 Imperial Age
36:36 Bow Saw
37:03 Gold Shaft Mining
37:12 Hand Cart
37:11 Elite Samurai
Connection lost

Rejoining the realm…

Still unreachable

The connection could not be restored.

Session expired

The server has moved on; the page needs a fresh start.